 Dungeon Crawl Stone Soup version 0.30-a0-339-g89bb51ec76 (webtiles) character file.

Game seed: 4078011704611888555

143 Hubris850 the Gusty (level 5, -2/28 HPs)
             Began as a Tengu Air Elementalist on Oct 31, 2022.
             Killed from afar by a kobold (9 damage)
             ... with an iceblast
             ... on level 3 of the Dungeon.
             The game lasted 00:05:37 (2755 turns).

Hubris850 the Gusty (Tengu Air Elementalist)        Turns: 2755, Time: 00:05:40

Health: -2/28      AC:  2    Str:  8    XL:     5   Next: 25%
Magic:  3/9        EV: 16    Int: 16    God:
Gold:   129        SH:  0    Dex: 16    Spells: 7/8 levels left

rFire   . . .      SeeInvis .    a - +1 dagger (speed)
rCold   . . .      Faith    .    (no shield)
rNeg    + . .      Spirit   .    j - +0 robe
rPois   .          Reflect  .    (helmet restricted)
rElec   .          Harm     .    (no cloak)
rCorr   .          Rampage  .    (no gloves)
Will    .....                    (boots unavailable)
Stlth   ++........               (no amulet)
HPRegen 0.24/turn                t - ring of positive energy
MPRegen 0.11/turn                (no ring)

@: attractive, flying quickly and evasively, very slightly contaminated, quick
A: beak, talons 3, nimble flight
a: no special abilities


You were on level 3 of the Dungeon.
You visited 1 branch of the dungeon, and saw 3 of its levels.

You collected 129 gold pieces.

Inventory:

Hand Weapons
 a - a +1 dagger of speed (weapon)
 b - a +0 sling
 c - a +0 club
 d - a +0 dagger
 l - a +0 quarterstaff
Missiles
 v - 4 atropa-tipped darts
Armour
 j - a +0 robe (worn)
 m - an orb of wrath
 w - a +3 ring mail
Jewellery
 t - a ring of positive energy (left hand)
Scrolls
 g - 3 scrolls of enchant weapon {unknown}
 h - a scroll of immolation {unknown}
 k - 2 scrolls of teleportation {unknown}
 n - a scroll of poison {unknown}
 p - 2 scrolls of magic mapping {unknown}
 q - 2 scrolls of enchant armour {unknown}
Potions
 e - a potion of attraction
 f - 2 potions of degeneration {unknown}
 i - 2 potions of mutation {unknown}
 o - a potion of cancellation {unknown}
 r - a potion of magic
 s - 2 potions of curing {unknown}
 u - a potion of flight {unknown}


   Skills:
 + Level 2.3 Ranged Weapons
 - Level 3.4 Dodging
 - Level 3.3 Stealth
 - Level 2.0 Spellcasting
 - Level 1.3 Conjurations
 + Level 5.1 Air Magic


You had 7 spell levels left.
You knew the following spells:

 Your Spells              Type           Power      Damage    Failure   Level
a - Shock                 Conj/Air       48%        1d6       5%          1

Your spell library contained the following spells:

 Spells                   Type           Power      Damage    Failure   Level
 Swiftness                Air            18%        N/A       8%          3
 Static Discharge         Conj/Air       24%        2-3/arc   9%          2
 Airstrike                Air            9%         2d(2-18)  26%         4


Dungeon Overview and Level Annotations

Branches:
Dungeon (3/15)

Altars:
Wu Jian
Yredelemnul

Shops:
D:1 (   D:2 =

Annotations:
D:2 1 runed translucent door, Crazy Yiuf


Innate Abilities, Weirdness & Mutations

You have a beak for a mouth.
You have claws for feet.
Your magical nature lets you fly swiftly and evasively.


Message History

You kill the kobold!
No target in view!
There is an open door here.
Items here: ( )) [.
There is an open door here.
There is an open door here.
A rat, an orc and a giant cockroach come into view.
Found a whip.
The zap hits the rat.
You kill the rat!
The zap hits the orc but does no damage.
The orc shouts!
You miscast Shock.
You are very lightly contaminated with residual magic.
Nothing appears to happen.
You miscast Shock.
Nothing appears to happen.
The zap hits the orc.
The orc is severely wounded.
A kobold comes into view.
It is wielding a +0 hand axe and carrying a wand of iceblast (9).
You miscast Shock.
Nothing appears to happen.
The orc hits you with a +0 dagger.
The kobold throws a stone.
The stone hits you but does no damage.
The zap hits the orc.
The orc is almost dead.
The orc hits you with a +0 dagger.
The kobold zaps a wand.
The mass of ice explodes!
The iceblast engulfs you!
Ouch! That really hurt!
* * * LOW HITPOINT WARNING * * *
The iceblast engulfs the orc.
The orc dies!
You hear an angry hiss.
There is an open door here.
It was a potion of attraction.
You feel attractive to monsters. The giant cockroach barely misses you.
The kobold zaps a wand.
The mass of ice explodes!
The iceblast engulfs the giant cockroach!
The giant cockroach dies!
The iceblast engulfs you!
You die...

.# #############.....# .#
#..............##'####
.###########........###...#...#..
.............######...#...#......
.#......######..#####.#...#.8.#..
...######..##....# #..#..######.
###### ...K'....#####....#...#..
.....# #.†##..###...#._...8
.....# #)#@....###..#...#..
.##### ...##....# #.######## )#
#.... ##..## #.....#.#. .# #.....
##'## ##........ +## #)..8.
##..## #....###. ..# #.....
#....###....# ## ..# ##....
#....).#....# # ..#
+#..##.[....#### ..#
#######....##..


You could see a kobold.

Vanquished Creatures
  Jessica (D:2)
  4 gnolls (D:3)
  2 adders
  A worm (D:3)
  2 dart slugs (D:2)
  An orc (D:3)
  6 endoplasms
  2 giant cockroaches
  5 goblins
  3 hobgoblins (D:2)
  7 kobolds
  A quokka (D:1)
  5 ball pythons
  3 bats (D:2)
  3 frilled lizards
  7 rats
53 creatures vanquished.

Vanquished Creatures (others)
  An orc (D:3)
  A giant cockroach (D:3)
2 creatures vanquished.

Grand Total: 55 creatures vanquished

Notes
Turn   | Place    | Note
-------+----------+-------------------------------------------
     0 | D:1      | Hubris850 the Tengu Air Elementalist began the quest for
                  | the Orb.
     0 | D:1      | Reached XP level 1. HP: 10/10 MP: 4/4
    61 | D:1      | Found Jevotigo's Antique Weapon Boutique.
   198 | D:1      | Reached XP level 2. HP: 15/15 MP: 0/6
   810 | D:2      | Reached XP level 3. HP: 19/19 MP: 3/7
  1007 | D:2      | Found Haugh's Jewellery Boutique.
  1488 | D:2      | Noticed Jessica
  1494 | D:2      | Killed Jessica
  1495 | D:2      | Reached skill level 1 in Ranged Weapons
  1495 | D:2      | Reached XP level 4. HP: 18/24 MP: 8/8
  1669 | D:2      | Found a runed translucent door.
  1670 | D:2      | Noticed Crazy Yiuf
  2014 | D:3      | Found an ornate altar of the Wu Jian Council.
  2097 | D:3      | Found a basalt altar of Yredelemnul.
  2373 | D:3      | Gained mutation: Your magical nature lets you fly swiftly
                  | and evasively. [Tengu growth]
  2373 | D:3      | Reached XP level 5. HP: 22/28 MP: 0/9
  2419 | D:3      | Reached skill level 5 in Air Magic
  2755 | D:3      | Killed from afar by a kobold

Illustrated notes

Levels and vault maps discovered:
D:1:      amcnicky_arrival_feature_with_door, layout_rooms, serial_shops,
          nicolae_shop_competitors_out_of_business
D:2:      layout_loops_ring, serial_shops, nicolae_shop_statue_plus,
          uniq_jessica, uniq_crazy_yiuf_cottage
D:3:      minmay_bubble_buster, layout_basic,
          nicolae_wu_jian_immortal_techniques, mainiacjoe_overflow_24_doors,
          amcnicky_mini_pool_small, minmay_misc_feat_enclosed,
          kennysheep_path_1, serial_park_tiny_pond, eino_tiny_chamber,
          minmay_misc_feat_encased

Skill      XL: |  1  2  3  4  5 |
---------------+----------------+-----
Dodging        | 3 |  3.4
Stealth        | 3 |  3.3
Ranged Weapons | 1 2 |  2.3
Air Magic      | 5 |  5.1
Spellcasting   | |  2.0
Conjurations   | |  1.3

Action                   |  1- 3 |  4- 6 || total
-------------------------+-------+-------++-------
Melee: Dagger            |     8 |     8 ||    16
       Kick              |     1 |     2 ||     3
       Peck              |     1 |     2 ||     3
       Punch             |       |     1 ||     1
 Fire: Sling             |     3 |    23 ||    26
 Cast: Shock             |    75 |    24 ||    99
  Use: Potion            |       |     1 ||     1
Armor: Robe              |     2 |     1 ||     3
Dodge: Dodged            |     2 |    20 ||    22

Table legend: (Time is in decaauts)
 A = Elapsed time spent in this place.
 B = Non-inter-level travel time spent in this place.
 C = Inter-level travel time spent in this place.
 D = Time resting spent in this place.
 E = Time spent auto-exploring this place.
 F = Levels seen in this place.
 G = Mean time per level.
                   A        B        C        D        E       F      G
               +--------+--------+--------+--------+--------+-----+--------+
         Total |   2735 |   2676 |     59 |     88 |   2261 |   3 |  911.7 |
       Dungeon |   2735 |   2676 |     59 |     88 |   2261 |   3 |  911.7 |
               +--------+--------+--------+--------+--------+-----+--------+

Top non-repeatable levels by time:
     D:2: 1195 daAuts
     D:3: 809 daAuts
     D:1: 730 daAuts
